[Event "MČR družstev mladších žáků 2024"]
[Site "Harrachov, Czech Republic"]
[Date "2024.06.16"]
[Round "9.3"]
[White "Kolar Edvard"]
[Black "Svoboda Petr"]
[Result "1-0"]
[TimeControl "25+10"]
[WhiteFideId "23746238"]
[BlackFideId "23771550"]
[WhiteElo "1553"]
[BlackElo "1261"]

1. e4 e6 2. d4 d5 3. Nc3 Bb4 4. e5 c5 5. a3 Bxc3+ 6.
bxc3 Nc6 7. Qg4 Nge7 8. Qxg7 Rg8 9. Qxh7 cxd4 10. cxd4 Qa5+ 11. Bd2 Qb6 12. c3 Rg6 13. Qh8+ Rg8 14.
Qh5 Qb2 15. Qd1 Nf5 16. Qb1 Qxb1+ 17. Rxb1 b6 18. h4 Bb7 19. h5 Ke7 20. Nf3 Rh8 21. h6 Rag8 22. Bg5+ Kd7 23. g4 Nxh6 24.
Bxh6 Rxg4 25. Rh3 Ne7 26. Kd2 Nf5 27. Be3 Rc8 28. Bb5+ Ke7 29. Bg5+ Kf8 30. Rh8+ Kg7 31. Bf6+ Kg6 32.
Rbh1 Rg2 33. R8h6+ Nxh6 34. Bd3+ Nf5 35. Nh4+ Kh5 36. Nxg2+ Kg4 37. Be2# 1-0



[ePGN "0.1;DGT LiveChess/2.2.6"]

[Event "MČR družstev mladších žáků 2024"]
[Site "Harrachov, Czech Republic"]
[Date "2024.06.16"]
[Round "9.4"]
[White "Dvorak Vojtech"]
[Black "Gernert Tomas"]
[Result "0-1"]
[TimeControl "25+10"]
[WhiteFideId "23742089"]
[BlackFideId "23750219"]
[WhiteElo "1154"]
[BlackElo "1409"]

1. d4 Nf6 2. Nf3 d5 3. Bf4 c6 4.
e3 Qb6 5. Qc1 Bf5 6. Nbd2 e6 7. c3 Be7 8. Be2 O-O 9. O-O Nbd7 10. Nh4 Bg6 11. Nxg6 hxg6 12. b4 Kh7 13. Nf3 Rh8 14.
h3 Kg8 15. Bg3 Ne4 16. Bf4 g5 17. Bh2 f5 18. Bd3 Kf7 19. a4 Rh6 20. a5 Qd8 21. Bxe4 dxe4 22. Nd2 Qh8 23. Re1 g4 24. Bf4 Rh7 25. Kf1 gxh3 26.
gxh3 Rxh3 27. Ke2 Qh5+ 28. Nf3 Rxf3 29. Kd1 Rxf2+ 30. Re2 Qxe2# 0-1



[ePGN "0.1;DGT LiveChess/2.2.6"]

[Event "MČR družstev mladších žáků 2024"]
[Site "Harrachov, Czech Republic"]
[Date "2024.06.16"]
[Round "9.7"]
[White "Fadrny Jachym"]
[Black "Vancakova Veronika"]
[Result "0-1"]
[TimeControl "25+10"]
[WhiteFideId "23744170"]
[BlackFideId "23731907"]
[WhiteElo "1537"]
[BlackElo "1437"]

1. d4 Nf6 2. c4 g6 3. Nc3 Bg7 4. e4 d6 5. Bd3 Nc6 6. Nge2 e5 7. d5 Ne7 8. O-O O-O 9. Bd2 Nd7 10.
b4 f5 11. f3 f4 12. Be1 g5 13. Bf2 h5 14. c5 Nf6 15. Bc4 Kh7 16. cxd6 cxd6 17. Nc1 Rg8 18. Nd3 g4 19. Bh4 Ng6 20.
Bxf6 Qxf6 21. Kf2 Qh4+ 22. Ke2 Qxh2 23. Rg1 gxf3+ 24. Kd2 fxg2 25. Nf2 Bh6 26. Kc2 Qg3 27. Nd3 f3 28. Qe1 Qxe1 29.
Raxe1 Nf4 30. Nf2 Bd7 31. Bb5 Bc8 32. Bc4 a6 33. Ncd1 Bd7 34. Bb3 h4 35. Re3 Ne2 36. Rxe2 fxe2 37.
Nd3 exd1=Q+ 38. Kxd1 h3 39. Ne1 h2 40. Rxg2 Rxg2 41. Nxg2 h1=Q+ 42. Kc2 Qxg2+ 43. Kc3 Qd2+ 44. Kc4 Rc8# 0-1



[ePGN "0.1;DGT LiveChess/2.2.6"]

[Event "MČR družstev mladších žáků 2024"]
[Site "Harrachov, Czech Republic"]
[Date "2024.06.16"]
[Round "9.8"]
[White "Walder Hugo"]
[Black "Trejbal Jindrich"]
[Result "1-0"]
[TimeControl "25+10"]
[WhiteFideId "23743360"]
[BlackFideId "23743948"]
[WhiteElo "1489"]
[BlackElo "1401"]

1. e4 e5 2. Nf3 Nf6 3. Nxe5 d6 4. Nf3 Nxe4 5. d3 Nf6 6. Be2 Be7 7. O-O O-O 8. Nc3 d5 9.
d4 h6 10. Bf4 Nh5 11. Bg3 Nxg3 12. fxg3 Bf5 13. Ne5 Bh7 14. Bh5 g6 15. Bg4 Nc6 16. Nxf7 Rxf7 17. Be6 Bf6 18. Nxd5 Kg7 19.
Bxf7 Bxd4+ 20. Kh1 Bg8 21. Bxg8 Kxg8 22. Nf4 Bxb2 23. Qxd8+ Rxd8 24. Rab1 Bc3 25. Rxb7 Ne5 26. Rxc7 Ba5 27. Rxa7 Bb6 28. Rb7 Bc5 29.
Ne6 Rc8 30. Nxc5 Rxc5 31. h3 Rxc2 32. Ra7 Nc4 33. Re1 Kf8 34. Rb1 Nb2 35. a4 Ke8 36. a5 Kd8 37. a6 Kc8 38. Rh7 1-0



[ePGN "0.1;DGT LiveChess/2.2.6"]

[Event "MČR družstev mladších žáků 2024"]
[Site "Harrachov, Czech Republic"]
[Date "2024.06.16"]
[Round "9.9"]
[White "Bartak Tobias"]
[Black "Bucek Vit"]
[Result "0-1"]
[TimeControl "25+10"]
[WhiteFideId "23753544"]
[BlackFideId "23750812"]
[WhiteElo "1260"]
[BlackElo "1582"]

1. e4 c5 2. Nf3 Nc6 3. d4 cxd4 4. Nxd4 g6 5. Nc3 Bg7 6. Be3 Nf6 7. Bc4 d6 8. O-O Ng4 9. Qf3 O-O 10.
Rad1 Nxe3 11. fxe3 Ne5 12. Qe2 Bd7 13. h3 Rc8 14. Bb3 a6 15. Nf3 b5 16. a3 Nc4 17. Bxc4 Rxc4 18. e5 dxe5 19.
e4 Qb6+ 20. Kh1 Be6 21. Ng5 Rfc8 22. Nxe6 Qxe6 23. Rd5 Rd4 24. Rd1 Qc6 25. Rd2 e6 26. R5xd4 exd4 27. Na2 a5 28. b4 a4 29.
Nc1 Bh6 30. Rxd4 Bxc1 31. Qd1 Bh6 32. Qe1 Qxc2 33. Qh4 Qc1+ 34. Kh2 Bf4+ 35. Qg3 Bxg3+ 36. Kxg3 Qe3+ 37. Kh2 Qf4+ 38. Kg1 Rc1+ 39.
Rd1 Rxd1# 0-1